 Dungeon Crawl Stone Soup version 0.24.0-1-gfbc8707 (webtiles) character file.

Game seed: 5118185333691510096, levelgen mode: deterministic

99 Buxparty the Cutter (level 4, -2/37 HPs)
             Began as a Merfolk Fighter on Dec 30, 2019.
             Killed by divine providence
             ... invoked by an orc priest
              (15 damage)
             ... on level 4 of the Dungeon.
             The game lasted 00:09:16 (1781 turns).

Buxparty the Cutter (Merfolk Fighter)               Turns: 1781, Time: 00:09:17

Health: -2/37      AC:  6    Str: 17    XL:     4   Next: 72%
Magic:  4/4        EV:  8    Int:  7    God:
Gold:   36         SH:  9    Dex: 13    Spells: 3/3 levels left

rFire    + . .     SeeInvis .   a - +0 rapier
rCold    x . .     Gourm    .   c - +0 shield
rNeg     . . .     Faith    .   b - +0 scale mail
rPois    .         Spirit   .   (no helmet)
rElec    .         Reflect  .   (no cloak)
rCorr    .         Harm     .   (no gloves)
MR       .....                  (no boots)
Stlth    ..........             (no amulet)
HPRegen  0.12/turn              m - ring of fire
MPRegen  0.09/turn              (no ring)

@: no status effects
A: change form in water, swift swim, stealthy swim
a: no special abilities


You were on level 4 of the Dungeon.
You were not hungry.

You visited 1 branch of the dungeon, and saw 3 of its levels.

You collected 36 gold pieces.

Inventory:

Hand Weapons
 a - a +0 rapier (weapon)
 l - a +0 dagger of flaming
Armour
 b - a +0 scale mail (worn)
 c - a +0 shield (worn)
Jewellery
 m - a ring of fire (left hand)
Scrolls
 e - 2 scrolls of teleportation {unknown}
 g - 3 scrolls of identify {unknown}
 j - a scroll of random uselessness {unknown}
 k - a scroll of enchant weapon {unknown}
 n - 2 scrolls of amnesia {unknown}
Potions
 d - a potion of might
 h - a potion of heal wounds
 i - a potion of invisibility {unknown}
Comestibles
 f - 3 rations


   Skills:
 + Level 3.6 Fighting
 * Level 3.9 Short Blades
 - Level 2.2 Armour
 * Level 2.1 Dodging
 + Level 3.8 Shields


You had 3 spell levels left.
You didn't know any spells.
Your spell library was empty.

Dungeon Overview and Level Annotations

Branches:
Dungeon (2/15)

Altars:
Fedhas
Xom


Message History

The orc priest is heavily wounded.
You block the orc's attack. The orc priest barely misses you.
You hit the orc priest.
The orc priest is heavily wounded.
You block the orc's attack. The orc priest completely misses you.
The orc hits you from afar with a +0 trident.
You hit the orc priest.
The orc priest is severely wounded.
You block the orc's attack. The orc priest hits you.
You are too injured to fight recklessly!
You are too injured to fight recklessly!
You hit the orc priest.
The orc priest is almost dead.
You block the orc's attack. The orc priest hits you.
You hit the orc priest but do no damage.
The orc priest is almost dead.
The orc barely misses you.
The orc priest mumbles some strange prayers to Beogh against you.
Beogh smites you!
You die...

#.............#
#..o..o.......#
#.#######o#.#.#
#.# #.#.#.# #.#
#####o..#.# #.#
#.....###.# #.#
#..##.# #.# #.#
##o##.# #.# #@#
#.##.# #.####
#o####.##.###.....
#o.............###
#...[..........###
######.##.........
#.#######.### #.#
#.# #.# ###.# #.#
#...#


You could see an orc priest and an orc.

Vanquished Creatures
  An iguana (D:4)
  3 adders (D:2)
  2 dart slugs (D:2)
  A leopard gecko (D:2)
  3 orcs (D:4)
  A giant cockroach (D:1)
  6 goblins
  5 hobgoblins
  6 jackals (D:2)
  A quokka (D:2)
  4 bats
  2 kobolds (D:2)
  2 rats
37 creatures vanquished.

Notes
Turn   | Place    | Note
-------+----------+-------------------------------------------
     0 | D:1      | Buxparty the Merfolk Fighter began the quest for the Orb.
     0 | D:1      | Reached XP level 1. HP: 18/18 MP: 1/1
   146 | D:1      | Reached XP level 2. HP: 21/24 MP: 2/2
   303 | D:1      | Found a hide-covered altar of Uskayaw.
   305 | D:1      | Found a shadowy altar of Dithmenos.
   305 | D:1      | Found a glowing silver altar of Zin.
   307 | D:1      | Found a hazy altar of Hepliaklqana.
   307 | D:1      | Found a burning altar of Makhleb.
   307 | D:1      | Found a shimmering altar of Xom.
   641 | D:2      | Found a blossoming altar of Fedhas.
   744 | D:2      | Reached XP level 3. HP: 22/29 MP: 3/3
   790 | D:2      | Reached skill level 1 in Dodging
  1197 | D:2      | Reached XP level 4. HP: 30/36 MP: 4/4
  1572 | D:2      | You fall into a shaft and drop 2 floors!
  1781 | D:4      | Killed from afar by an orc priest

Levels and vault maps discovered:
D:1:      dpeg_arrival_simpleton_b, layout_rooms,
          chequers_serial_rivers_large_b, minivault_25, doesnt_xom_only_xom
D:2:      layout_basic, fedhas_altar_1, kennysheep_decorative_pillar
D:4:      layout_loops_ring, chequers_temple_overflow_statue_of_worship,
          minmay_temple_entry_stoned_glass

Skill      XL: |  1  2  3  4 |
---------------+-------------+-----
Short Blades   | 3 |  3.9
Dodging        | 1 2 |  2.1
Fighting       | |  3.6
Armour         | |  2.2
Shields        | |  3.8

Action                   |  1- 3 |  4- 6 || total
-------------------------+-------+-------++-------
Melee: Rapier            |   137 |    39 ||   176
       Tailslap          |       |     4 ||     4
  Use: Potion            |     1 |       ||     1
  Eat: Ration            |       |     1 ||     1
       Chunk             |       |     1 ||     1
Armor: Scale mail        |    80 |    15 ||    95
Dodge: Dodged            |    47 |    20 ||    67
Block: Shield            |   113 |    26 ||   139
